 Dungeon Crawl Stone Soup version 0.26-a0-478-g6c97825307 (webtiles) character file.

Game seed: 3796009557589921594

949 Infinimo the Firebug (level 8, -13/57 HPs)
             Began as a Hill Orc Fire Elementalist on Aug 1, 2020.
             Shot with an arrow by a centaur (15 damage)
             ... on level 6 of the Dungeon.
             The game lasted 00:06:26 (7118 turns).

Infinimo the Firebug (Hill Orc Fire Elementalist)   Turns: 7118, Time: 00:06:27

Health: -13/57     AC:  4    Str:  9 (11) XL:     8   Next: 13%
Magic:  3/13       EV: 12    Int: 17      God:
Gold:   328        SH:  0    Dex: 10 (11) Spells: 8/13 levels left

rFire    . . .     SeeInvis .   h - +2 dagger (freeze)
rCold    . . .     Faith    .   (no shield)
rNeg     . . .     Spirit   .   a - +0 robe
rPois    +         Reflect  .   e - +0 helmet
rElec    .         Harm     .   m - +0 cloak
rCorr    .                      (no gloves)
MR       .....                  (no boots)
Stlth    +++.......             (no amulet)
HPRegen  0.19/turn              k - ring of stealth
MPRegen  0.13/turn              n - ring of poison resistance

@: no status effects
A: no striking features
a: no special abilities


You were on level 6 of the Dungeon.
You visited 1 branch of the dungeon, and saw 6 of its levels.

You collected 328 gold pieces.

Inventory:

Hand Weapons
 h - a +2 dagger of freezing (weapon)
Missiles
 g - 28 poisoned darts (quivered)
Armour
 a - a +0 robe (worn)
 e - a +0 helmet (worn)
 m - a +0 cloak (worn)
Jewellery
 k - a ring of stealth (left hand)
 n - a ring of poison resistance (right hand)
 o - an uncursed ring of protection from magic {unknown}
Wands
 s - a wand of digging (5)
Scrolls
 f - a scroll of amnesia
 j - 2 scrolls of remove curse
 r - 2 scrolls of identify
Potions
 b - 2 potions of mutation {unknown}
 c - a potion of flight {unknown}
 d - a potion of heal wounds {unknown}
 i - a potion of brilliance {unknown}
 l - a potion of stabbing
 p - a potion of degeneration
 q - a potion of haste {unknown}


   Skills:
 - Level 1.5 Dodging
 - Level 1.5 Stealth
 + Level 3.4 Spellcasting
 * Level 5.7 Conjurations
 * Level 7.0 Fire Magic


You had 8 spell levels left.
You knew the following spells:

 Your Spells              Type           Power        Failure   Level
a - Foxfire               Conj/Fire      ###.         1%          1
b - Sticky Flame          Conj/Fire      ###.....     12%         4

Your spell library contained the following spells:

 Spells                   Type           Power        Failure   Level
 Conjure Flame            Conj/Fire      ###.....     3%          3
 Inner Flame              Hex/Fire       ##......     12%         3
 Animate Skeleton         Necr           #.....       17%         1
 Pain                     Necr           #...         17%         1
 Fireball                 Conj/Fire      ###.......   32%         5
 Vampiric Draining        Necr           #.........   45%         3
 Animate Dead             Necr           #.........   86%         4
 Agony                    Necr           #.......     99%         5


Dungeon Overview and Level Annotations

Branches:
Dungeon (6/15)
 Temple: D:4-7

Altars:
Fedhas
Xom
Yredelemnul


Message History

You hear a shout!
The foxfire hits the centaur but does no damage.
The centaur is heavily wounded.
The foxfire hits the centaur.
The centaur is heavily wounded.
The centaur shoots an arrow.
The arrow hits you!
Casting: Foxfire (safe; 1% risk of failure)
Confirm with . or Enter, or press ? or * to list all spells.
You conjure some foxfire!
The centaur shoots an arrow.
The arrow hits you!
* * * LOW HITPOINT WARNING * * *
The foxfire hits the centaur.
The centaur is severely wounded.
The foxfire hits the centaur.
The centaur is severely wounded.
The centaur shoots an arrow.
The arrow hits you!
* * * LOW HITPOINT WARNING * * *
Casting: Foxfire (safe; 1% risk of failure)
Confirm with . or Enter, or press ? or * to list all spells.
You conjure some foxfire!
The centaur shoots an arrow.
The arrow hits you!
You die...

#.###...####..# #.# #
#...# ##..# .. ##.##
...# #.. ###.#
#####...### #..##...#
#......(... #....###
#.......... #.#...##
###.......... #
#.#..###...v§§.....#
#........#.§@§..!..#
......##.####..#v...?.#
#..##.# #..#
#c.§..##### ## #.
##...o.##.## #. #.)..#
.# #. ..)##.# .#
##.##.. .# . # .#


You could see an orc warrior and a centaur.

Vanquished Creatures
  An ice beast (D:6)
  A bullfrog (D:3)
  4 killer bees
  2 hounds
  A jelly (D:6)
  An orc priest (D:6)
  2 bullfrog skeletons (D:5)
  3 orc wizards (D:4)
  A centaur skeleton (D:5)
  An iguana (D:5)
  4 worker ants
  A hound zombie (D:6)
  A worker ant zombie (D:4)
  7 adders
  2 oozes (D:3)
  6 worms
  A dart slug (D:4)
  2 leopard geckos (D:3)
  12 orcs
  2 giant cockroaches
  9 goblins
  6 hobgoblins
  8 jackals
  3 quokkas
  12 bats
  6 frilled lizards
  7 kobolds
  2 leopard gecko zombies (D:5)
  6 rats
114 creatures vanquished.

Vanquished Creatures (others)
  603 foxfires
603 creatures vanquished.

Grand Total: 717 creatures vanquished

Notes
Turn   | Place    | Note
-------+----------+-------------------------------------------
     0 | D:1      | Infinimo the Hill Orc Fire Elementalist began the quest for
                  | the Orb.
     0 | D:1      | Reached XP level 1. HP: 14/14 MP: 3/3
   468 | D:1      | Reached XP level 2. HP: 20/20 MP: 1/4
   944 | D:1      | Found a shimmering altar of Xom.
  1209 | D:2      | Reached XP level 3. HP: 25/26 MP: 1/5
  1732 | D:2      | Reached skill level 4 in Fire Magic
  1972 | D:2      | Reached XP level 4. HP: 31/33 MP: 2/7
  2535 | D:3      | Noticed a bullfrog
  2549 | D:3      | Killed a bullfrog
  2549 | D:3      | Reached XP level 5. HP: 14/38 MP: 3/8
  2749 | D:3      | Learned a level 4 spell: Sticky Flame
  3997 | D:4      | Reached skill level 5 in Fire Magic
  4250 | D:4      | Reached XP level 6. HP: 45/45 MP: 6/9
  4372 | D:4      | Got a faintly glowing chain mail
  4383 | D:4      | Identified the +3 chain mail of Beussal {rCorr Str+3} (You
                  | found it on level 4 of the Dungeon)
  4697 | D:4      | Found a blossoming altar of Fedhas.
  5365 | D:5      | Entered Level 5 of the Dungeon
  5393 | D:5      | Reached XP level 7. HP: 44/50 MP: 5/11
  5409 | D:4      | Reached skill level 6 in Fire Magic
  5805 | D:5      | Reached skill level 5 in Conjurations
  5891 | D:5      | Found a basalt altar of Yredelemnul.
  6911 | D:6      | Reached XP level 8. HP: 57/57 MP: 7/13
  7030 | D:6      | Reached skill level 7 in Fire Magic
  7117 | D:6      | HP: 2/57 [centaur/arrow (9)]
  7118 | D:6      | Shot with an arrow by a centaur

Illustrated notes

Levels and vault maps discovered:
D:1:      lemuel_arrival_room, layout_loops_ring, minmay_misc_feat_five,
          xom_teletrap_fun
D:2:      minmay_diamond_boxcup, layout_rooms
D:3:      layout_loops_ring
D:4:      layout_basic, overflow_temple_1_default
D:5:      layout_basic, basic_altar
D:6:      layout_rooms, minmay_temple_entry_from_below_a

Skill      XL: |  1  2  3  4  5  6  7  8 |
---------------+-------------------------+-----
Conjurations   | 2 3 4 5 |  5.7
Spellcasting   | 2 3 |  3.4
Fire Magic     | 4 5 6 7 |  7.0
Dodging        | |  1.5
Stealth        | |  1.5

Action                   |  1- 3 |  4- 6 |  7- 9 || total
-------------------------+-------+-------+-------++-------
Melee: Club              |    16 |     2 |       ||    18
       Dagger            |       |     1 |       ||     1
Throw: Dart              |     9 |       |       ||     9
 Cast: Foxfire           |    82 |   174 |    96 ||   352
       Sticky Flame      |       |     1 |     3 ||     4
  Use: Scroll            |     1 |     8 |       ||     9
       Potion            |       |     1 |     5 ||     6
Armor: Robe              |    10 |    11 |    14 ||    35
Dodge: Dodged            |    32 |    51 |    43 ||   126

Table legend: (Time is in decaauts)
 A = Elapsed time spent in this place.
 B = Non-inter-level travel time spent in this place.
 C = Inter-level travel time spent in this place.
 D = Time resting spent in this place.
 E = Time spent auto-exploring this place.
 F = Levels seen in this place.
 G = Mean time per level.
                   A        B        C        D        E       F      G
               +--------+--------+--------+--------+--------+-----+--------+
         Total |   7118 |   7005 |    113 |    193 |   5685 |   6 | 1186.3 |
       Dungeon |   7118 |   7005 |    113 |    193 |   5685 |   6 | 1186.3 |
               +--------+--------+--------+--------+--------+-----+--------+

Top non-repeatable levels by time:
     D:4: 1944 daAuts
     D:3: 1517 daAuts
     D:1: 1206 daAuts
     D:5: 1159 daAuts
     D:2: 982 daAuts
     D:6: 306 daAuts
